AoeStats
← Alexspiration

Fortress

508233804Analyzed
4v4 RM · 12d ago on Sep 21, 2026· 38m 37s· 8 players
Game mode
Random Map
Map size
Huge
Population
200
Speed
Normal
Resources
Standard
Victory
Conquest
Starting age
Dark Age
Ending age
Imperial Age
RankedLock teamsTeams togetherTeam positionsShared explorationLock speedFull tech treeHidden civsTurbo modeCheats
Victory
Defeat
🇻🇳 Tatars · Vietnam
1955
+2
🇷🇺 Italians · Russia
1902
+3
🇦🇷 Burmese · Argentina
1723
+6
🇩🇪 Bulgarians · Germany
1638
+8
🇩🇪 Vikings · Germany
1528
-5
🇦🇷 Berbers · Argentina
1519
-6
🇺🇦 Hindustanis · Ukraine
1477
-4
🇨🇳 Japanese · China
1452
-4
Erich Müller
6:52 Feudal Age
11:23 Castle Age
9:37 Double-Bit Axe
9:51 Horse Collar
13:43 Bow Saw
14:22 Heavy Plow
14:11 Loom
19:50 Wheelbarrow
19:05 Town Watch
31:24 Imperial Age
30:12 Gold Mining
30:32 Scale Barding Armor
31:06 Stirrups
31:57 Hand Cart
31:56 Bloodlines
31:47 Husbandry
32:08 Chain Barding Armor
32:27 Conscription
31:35 Cavalier
33:46 Plate Barding Armor
33:22 Forging
36:35 Gold Shaft Mining
36:47 Iron Casting
38:32 Blast Furnace
默默默默默
7:14 Feudal Age
11:09 Castle Age
10:09 Horse Collar
16:22 Wheelbarrow
19:57 Hand Cart
20:28 Gold Mining
26:08 Imperial Age
23:26 Loom
24:34 Bloodlines
24:24 Husbandry
25:03 Scale Barding Armor
25:09 Forging
25:17 Scale Mail Armor
25:47 Chain Barding Armor
25:09 Pikeman
26:39 Elite Battle Elephant
28:14 Plate Barding Armor
28:51 Iron Casting
29:14 Town Watch
31:32 Blast Furnace
30:35 Howdah
30:56 Conscription
31:22 Gold Shaft Mining
30:52 Heavy Plow
31:24 Scale Mail Armor
30:49 Pikeman
31:42 Squires
31:39 Fletching
32:07 Chain Mail Armor
31:38 Halberdier
34:11 Plate Mail Armor
34:06 Fletching
34:38 Bodkin Arrow
36:51 Coinage
36:49 Treadmill Crane
37:30 Fortified Wall
Eugenius
6:42 Feudal Age
10:46 Castle Age
8:37 Double-Bit Axe
8:56 Horse Collar
12:23 Bow Saw
16:56 Wheelbarrow
18:21 Loom
18:28 Gold Mining
19:11 Stone Mining
20:38 Stone Shaft Mining
24:01 Imperial Age
22:00 Fletching
22:10 Padded Archer Armor
21:54 Treadmill Crane
22:36 Ballistics
22:54 Bodkin Arrow
23:14 Leather Archer Armor
23:36 Hand Cart
24:30 Leather Archer Armor
24:43 Thumb Ring
26:28 Chemistry
25:30 Heavy Plow
26:23 Ring Archer Armor
26:00 Bracer
26:51 Conscription
27:49 Two-Man Saw
27:16 Elite Genoese Crossbowman
28:38 Ring Archer Armor
30:06 Scale Mail Armor
30:16 Forging
30:08 Squires
29:53 Arson
31:01 Chain Mail Armor
32:14 Plate Mail Armor
32:57 Iron Casting
36:16 Masonry
37:05 Coinage
37:23 Town Watch
38:24 Hoardings
38:00 Pirotechnia
38:12 Silk Road
39:44 Blast Furnace
saymynameBook
6:44 Feudal Age
10:45 Castle Age
8:59 Double-Bit Axe
12:03 Bow Saw
11:42 Horse Collar
12:24 Heavy Plow
13:48 Loom
19:16 Fletching
20:16 Gold Mining
22:40 Bodkin Arrow
23:43 Bloodlines
23:34 Husbandry
23:56 Husbandry
24:52 Padded Archer Armor
26:21 Gold Shaft Mining
25:37 Stone Mining
26:56 Ballistics
27:28 Wheelbarrow
28:23 Scale Mail Armor
28:33 Forging
28:39 Pikeman
29:19 Squires
30:10 Hand Cart
33:00 Imperial Age
34:00 Halberdier
34:43 Bracer
36:12 Chemistry
35:35 Conscription
36:27 Iron Casting
36:07 Leather Archer Armor
35:51 Heavy Cavalry Archer
36:34 Silk Armor
38:09 Ring Archer Armor
倒挂着的树枝
6:17 Feudal Age
12:02 Castle Age
10:20 Double-Bit Axe
10:52 Gold Mining
12:38 Fletching
18:00 Loom
19:10 Bow Saw
21:14 Bodkin Arrow
23:56 Husbandry
29:02 Horse Collar
31:01 Heavy Plow
32:16 Bloodlines
33:06 Padded Archer Armor
34:32 Leather Archer Armor
39:08 Wheelbarrow
41:06 Imperial Age
Karabas
7:08 Feudal Age
10:40 Castle Age
8:58 Double-Bit Axe
9:27 Horse Collar
12:08 Bow Saw
11:58 Heavy Plow
16:23 Loom
17:14 Wheelbarrow
18:14 Gold Mining
21:05 Hand Cart
20:35 Town Watch
24:01 Imperial Age
21:40 Scale Barding Armor
21:52 Husbandry
22:05 Bloodlines
23:02 Chain Barding Armor
22:56 Forging
23:34 Scale Mail Armor
24:15 Heavy Camel Rider
25:32 Iron Casting
26:30 Plate Barding Armor
27:23 Stone Mining
29:01 Blast Furnace
28:05 Imperial Camel Rider
33:54 Fletching
36:34 Conscription
36:35 Siege Elephant
37:49 Bodkin Arrow
( º﹃º )
7:26 Feudal Age
11:28 Castle Age
9:34 Double-Bit Axe
9:56 Horse Collar
11:40 Forging
15:22 Loom
15:42 Arson
20:28 Wheelbarrow
22:14 Hand Cart
24:05 Squires
25:14 Bow Saw
26:11 Fletching
29:02 Imperial Age
27:18 Fletching
27:32 Padded Archer Armor
27:26 Gold Mining
27:49 Crossbowman
28:34 Thumb Ring
30:41 Conscription
31:03 Gold Shaft Mining
30:57 Arbalester
32:02 Bodkin Arrow
34:08 Chemistry
33:44 Bracer
34:44 Leather Archer Armor
36:50 Ring Archer Armor
Alexspiration
7:11 Feudal Age
11:27 Castle Age
9:49 Double-Bit Axe
10:14 Horse Collar
11:43 Gold Mining
11:44 Stone Mining
15:27 Gold Mining
17:48 Town Watch
17:49 Loom
18:00 Loom
22:10 Imperial Age
20:13 Scale Mail Armor
20:23 Forging
20:47 Stone Mining
21:33 Chain Mail Armor
21:21 Squires
21:06 Gambesons
21:07 Arson
20:49 Man-at-Arms
21:45 Bow Saw
21:36 Heavy Plow
23:04 Iron Casting
23:31 Plate Mail Armor
22:23 Long Swordsman
23:48 Conscription
23:07 Two-Handed Swordsman
23:22 Capped Ram
24:47 Siege Ram
25:34 Champion
28:19 Treadmill Crane
28:50 Masonry
29:36 Masonry
31:41 Blast Furnace
34:26 Chieftains
33:51 Pikeman
Connection lost

Rejoining the realm…

Still unreachable

The connection could not be restored.

Session expired

The server has moved on; the page needs a fresh start.